 Dungeon Crawl Stone Soup version 0.28.0-53-g5a82cb258f (webtiles) character file.

Game seed: 10963707330883317567

39961 sanboga the Severer (level 13, -25/187 HPs)
             Began as a Minotaur Berserker on July 16, 2022.
             Was an Elder of Trog.
             Annihilated by a boulder beetle (49 damage)
             ... on level 14 of the Dungeon.
             The game lasted 00:18:21 (17598 turns).

sanboga the Severer (Minotaur Berserker)           Turns: 17598, Time: 00:18:22

Health: -25/187    AC:  6    Str: 27    XL:     13   Next: 72%
Magic:  12/12      EV:  9    Int:  4    God:    Trog [****..]
Gold:   1381       SH:  0    Dex: 16    Spells: 12/12 levels left

rFire   . . .      SeeInvis .   w - +1 battleaxe (vorpal)
rCold   . . .      Faith    .   (shield currently unavailable)
rNeg    . . .      Spirit   .   s - +0 plate armour of Pantheism {Stlth+}
rPois   +          Reflect  .   (helmet restricted)
rElec   .          Harm     .   (no cloak)
rCorr   .          Rampage  .   I - +0 pair of gloves
Will    .....                   (no boots)
Stlth   ..........              H - amulet of the acrobat
HPRegen 0.41/turn               r - +6 ring of dexterity
MPRegen 0.13/turn               G - ring of poison resistance

@: berserking, corroded, very quick
A: horns 2, retaliatory headbutt
a: Renounce Religion, Berserk, Trog's Hand, Brothers in Arms


You were on level 14 of the Dungeon.
You worshipped Trog.
Trog was greatly pleased with you.
You visited 1 branch of the dungeon, and saw 14 of its levels.

You collected 1445 gold pieces.
You spent 64 gold pieces at shops.

Inventory:

Hand Weapons
 w - a +1 vorpal battleaxe (weapon)
 z - a +1 war axe of draining
Armour
 s - the +0 plate armour of Pantheism (worn) {Stlth+}
   (You found it on level 4 of the Dungeon)

   Stlth:     It makes you more stealthy.
 I - a +0 pair of gloves (worn)
Jewellery
 r - a +6 ring of dexterity (left hand)
 G - a ring of poison resistance (right hand)
 H - an amulet of the acrobat (around neck)
Wands
 f - a wand of charming (5)
 i - a wand of iceblast (28)
 m - a wand of flame (71)
 A - a wand of polymorph (17)
 E - a wand of digging (4)
Scrolls
 a - a scroll of silence
 b - 2 scrolls of summoning
 c - 2 scrolls of magic mapping
 d - 4 scrolls of enchant armour
 k - 2 scrolls of fear
 l - 2 scrolls of enchant weapon
 p - 7 scrolls of teleportation
 q - 2 scrolls of fog
 t - a scroll of holy word
 u - a scroll of blinking
Potions
 g - a potion of invisibility {unknown}
 h - 2 potions of cancellation
 j - 3 potions of haste
 n - 6 potions of curing
 v - 4 potions of might {unknown}
 B - 2 potions of magic {unknown}
 C - a potion of flight
 D - 2 potions of resistance {unknown}
 J - a potion of brilliance {unknown}


   Skills:
 + Level 14.7 Fighting
 * Level 20.0 Axes
 + Level 14.5 Armour
 - Level 2.1 Dodging


You had 12 spell levels left.
You didn't know any spells.
Your spell library was empty.

Dungeon Overview and Level Annotations

Branches:
Dungeon (14/15)            Temple (0/1) D:5            Lair (0/6) D:11
    Orc (0/2) D:11         Vaults (0/5) D:14

Altars:
Cheibriados
Gozag

Shops:
D:14 !


Innate Abilities, Weirdness & Mutations

You have a pair of horns on your head.
You reflexively headbutt those who attack you in melee.


Message History

You start resting.
A brown ugly thing opens the door.
The brown ugly thing gurgles horribly!
You hear a shout!
The brown ugly thing claws you. The acid corrodes you!
You are splashed with acid!
* * * LOW HITPOINT WARNING * * *
A cyclops comes into view.
There is a large open door, spattered with blood here.
You hit the brown ugly thing but do no damage.
The brown ugly thing claws you!
* * * LOW HITPOINT WARNING * * *
The acid corrodes you!
You are splashed with acid!
* * * LOW HITPOINT WARNING * * *
Okay, then.
You feel better. The brown ugly thing barely misses you.
A red film seems to cover your vision as you go berserk!
You feel yourself moving faster!
You feel mighty! Trog will no longer gift you weapons.
The brown ugly thing closely misses you.
You furiously retaliate!
You headbutt the brown ugly thing! You hit the brown ugly thing.
The brown ugly thing is moderately wounded.
You slice the brown ugly thing!!
Your headbutt misses the brown ugly thing.
The brown ugly thing is heavily wounded.
The brown ugly thing claws you.
* * * LOW HITPOINT WARNING * * *
The acid corrodes you!
You are splashed with acid!
* * * LOW HITPOINT WARNING * * *
You slice the brown ugly thing!!
You kill the brown ugly thing!
Trog accepts your kill.
Your Axes skill increases to level 20!
The cyclops throws a large rock.
The large rock closely misses you.
The boulder beetle curls into a ball and begins rolling!
You feel a strong urge to attack something.
You hit the boulder beetle but do no damage.
The boulder beetle is moderately wounded.
The boulder beetle hits you!!!
You die...

............#
#######..#######
#.....#..#....∩#
#.....#..#.....#
#.....#..#.....#
#....C#..#)....# .
....#..#.....# ..
..####B'#..#''####.#
.......@...........#
...................#
.#####''#..#))####.#
#....)#..#.....#.#
#.....#..#.....# .
#.....#..#.....#
#.....#..#.....#
#.....#..#....(#
#######..#######


You could see a boulder beetle (rolling) and a cyclops.

Vanquished Creatures
  An ironbound preserver (D:14)
  Snorg (D:13)
  A fire dragon (D:13)
  2 boulder beetles
  6 hydras
  A catoblepas (D:13)
  5 death yaks
  5 two-headed ogres
  8 centaur warriors
  4 skeletal warriors (D:11)
  Pikel (D:4)
  4 deep elf pyromancers (D:13)
  An orc knight (D:13)
  2 ugly things
  3 cyclopes
  4 manticores
  Joseph (D:10)
  2 ice statues
  Maggie (D:7)
  2 gargoyles
  2 unseen horrors (D:12)
  6 ice devils
  A meliai (D:14)
  4 trolls
  6 slime creatures (D:13)
  3 shadows
  4 yaks (D:11)
  A vampire (D:13)
  A wraith (D:11)
  Eustachio (D:6)
  Grum (D:10)
  2 basilisks (D:13)
  A steam dragon (D:8)
  3 vampire mosquitoes (D:11)
  An acid dragon (D:13)
  Duvessa (D:4)
  4 water moccasins
  4 orc warriors
  2 ice beasts
  The ghost of turdburglar the Covered, an amateur DDFi (D:3)
  2 necrophages (D:5)
  2 ogres (D:5)
  2 black bears
  4 centaurs
  2 wolves (D:10)
  2 lemures (D:4)
  3 bullfrogs
  3 kobold brigands
  2 scorpions
  Dowan (D:4)
  9 killer bees
  2 howler monkeys (D:8)
  9 wights
  7 centaur zombies
  2 jellies
  5 hounds
  2 orc priests
  A centaur skeleton (D:5)
  A gnoll shaman (D:5)
  Terence (D:2)
  7 orc wizards
  Robin (D:4)
  A howler monkey zombie (D:5)
  7 gnolls
  10 adders
  2 howler monkey skeletons
  7 river rats (D:5)
  A shadow imp (D:5)
  2 white imps
  7 ufetubi
  An adder skeleton (D:3)
  5 worms
  2 dart slugs (D:1)
  25 orcs
  5 bats
  3 endoplasms
  4 giant cockroaches
  15 goblins
  7 hobgoblins
  2 jackals (D:4)
  5 quokkas
  4 ball pythons
  4 frilled lizards
  25 kobolds
  23 rats
341 creatures vanquished.

Notes
Turn   | Place    | Note
-------+----------+-------------------------------------------
     0 | D:1      | sanboga the Minotaur Berserker began the quest for the Orb.
     0 | D:1      | Reached XP level 1. HP: 19/19 MP: 0/0
   334 | D:1      | Reached skill level 4 in Axes
   334 | D:1      | Reached XP level 2. HP: 27/27 MP: 1/1
   362 | D:1      | Found a faded altar of an unknown god.
  1018 | D:2      | Reached XP level 3. HP: 33/33 MP: 2/2
  1085 | D:2      | Noticed Terence
  1092 | D:2      | Killed Terence
  1093 | D:2      | Reached skill level 5 in Axes
  1093 | D:2      | Reached XP level 4. HP: 27/41 MP: 3/3
  2140 | D:3      | Found a runed translucent door.
  2146 | D:3      | Noticed turdburglar's ghost (amateur DDFi)
  2156 | D:3      | Reached ** piety under Trog
  2157 | D:3      | Reached XP level 5. HP: 45/47 MP: 4/4
  2400 | D:3      | Noticed an ice beast
  2409 | D:3      | Killed an ice beast
  2410 | D:3      | Reached skill level 5 in Fighting
  2410 | D:3      | Reached skill level 6 in Axes
  2501 | D:3      | Killed turdburglar's ghost
  2502 | D:3      | Reached XP level 6. HP: 56/56 MP: 5/5
  2688 | D:4      | Reached skill level 7 in Axes
  3033 | D:4      | Noticed Dowan
  3034 | D:4      | Noticed Duvessa
  3045 | D:4      | Killed Duvessa
  3046 | D:4      | Reached skill level 5 in Armour
  3046 | D:4      | Reached XP level 7. HP: 62/62 MP: 6/6
  3046 | D:4      | Killed Dowan
  3349 | D:4      | Noticed Pikel
  3363 | D:4      | Killed Pikel
  3364 | D:4      | Reached skill level 9 in Axes
  3364 | D:4      | Reached XP level 8. HP: 50/71 MP: 7/7
  3557 | D:4      | Noticed Robin
  3563 | D:4      | Killed Robin
  3683 | D:4      | Identified the +0 plate armour of Pantheism {Stlth+}
  3911 | D:5      | Entered Level 5 of the Dungeon
  4012 | D:5      | Found a staircase to the Ecumenical Temple.
  4040 | D:5      | Found a snail-covered altar of Cheibriados.
  4600 | D:5      | Reached skill level 10 in Axes
  4605 | D:5      | Reached *** piety under Trog
  5123 | D:6      | Noticed Eustachio
  5131 | D:6      | Reached XP level 9. HP: 64/81 MP: 8/8
  5150 | D:6      | Killed Eustachio
  5506 | D:6      | Reached skill level 11 in Axes
  6446 | D:7      | Noticed Maggie
  6453 | D:7      | Killed Maggie
  6453 | D:7      | Reached **** piety under Trog
  6454 | D:7      | Reached skill level 12 in Axes
  7100 | D:8      | Reached XP level 10. HP: 41/91 MP: 9/9
  8564 | D:9      | Reached skill level 13 in Axes
  8965 | D:10     | Entered Level 10 of the Dungeon
  8968 | D:10     | Noticed Joseph
  8981 | D:10     | Killed Joseph
  9244 | D:10     | Noticed Grum
  9258 | D:10     | Killed Grum
  9259 | D:10     | Reached skill level 10 in Fighting
  9550 | D:10     | Noticed a two-headed ogre
  9557 | D:10     | Killed a two-headed ogre
  9992 | D:10     | Noticed a two-headed ogre
  9996 | D:10     | Killed a two-headed ogre
  9997 | D:10     | Reached skill level 14 in Axes
  9997 | D:10     | Reached skill level 10 in Armour
 10562 | D:11     | Noticed a death yak
 10562 | D:11     | Noticed a death yak
 10569 | D:11     | Noticed a death yak
 10573 | D:11     | Noticed a death yak
 10574 | D:11     | Killed a death yak
 10575 | D:11     | Reached XP level 11. HP: 47/101 MP: 10/10
 10588 | D:11     | Noticed a death yak
 10926 | D:10     | Killed a death yak
 10957 | D:10     | Killed a death yak
 10958 | D:10     | Reached skill level 15 in Axes
 10962 | D:10     | Killed a death yak
 11282 | D:11     | Killed a death yak
 11909 | D:11     | Noticed a skeletal warrior
 11913 | D:11     | Noticed a skeletal warrior
 11914 | D:11     | Noticed a skeletal warrior
 11914 | D:11     | Noticed a skeletal warrior
 11919 | D:11     | Killed a skeletal warrior
 11920 | D:11     | Reached skill level 16 in Axes
 11920 | D:11     | Found a staircase to the Orcish Mines.
 11929 | D:11     | Killed a skeletal warrior
 11930 | D:11     | Killed a skeletal warrior
 11934 | D:11     | Killed a skeletal warrior
 12934 | D:11     | Reached XP level 12. HP: 84/112 MP: 11/11
 13172 | D:11     | Found a staircase to the Lair.
 13529 | D:11     | Noticed a two-headed ogre
 13536 | D:11     | Killed a two-headed ogre
 13940 | D:12     | Reached skill level 17 in Axes
 13967 | D:12     | Noticed a centaur warrior
 13975 | D:12     | Killed a centaur warrior
 13985 | D:12     | Noticed a six-headed hydra
 14260 | D:12     | Killed an eight-headed hydra
 14342 | D:12     | Reached ***** piety under Trog
 14894 | D:12     | Noticed an eight-headed hydra
 14900 | D:12     | Killed a 12-headed hydra
 15150 | D:12     | Found an opulent altar of Gozag.
 15248 | D:13     | Noticed a two-headed ogre
 15280 | D:13     | Noticed a centaur warrior
 15290 | D:13     | Killed a centaur warrior
 15396 | D:13     | Noticed a seven-headed hydra
 15402 | D:13     | Killed an 11-headed hydra
 15403 | D:13     | Reached skill level 18 in Axes
 15589 | D:13     | Noticed Snorg
 15596 | D:13     | Killed Snorg
 15688 | D:13     | Noticed a centaur warrior
 15693 | D:13     | Killed a centaur warrior
 16145 | D:13     | Noticed a boulder beetle
 16152 | D:13     | Killed a boulder beetle
 16153 | D:13     | Reached XP level 13. HP: 102/123 MP: 12/12
 16304 | D:13     | Reached skill level 19 in Axes
 16600 | D:13     | Noticed a fire dragon
 16605 | D:13     | Killed a fire dragon
 17375 | D:14     | Found Lufrew's Distillery.
 17388 | D:14     | Bought a potion of lignification for 48 gold pieces
 17388 | D:14     | Bought a potion of degeneration for 16 gold pieces
 17428 | D:14     | Noticed an ironbound preserver
 17429 | D:14     | Found a gate to the Vaults.
 17446 | D:14     | Killed an ironbound preserver
 17596 | D:14     | Reached skill level 20 in Axes
 17598 | D:14     | Annihilated by a boulder beetle

Illustrated notes

Levels and vault maps discovered:
D:1:      scummos_arrival_gate, layout_rooms, shapermc_ecumenical_altar_petra
D:2:      minmay_inner_zag, layout_loops_cross, chequers_serial_rivers_small_b,
          uniq_terence
D:3:      layout_rooms, ebering_ghost_reflecting_pool
D:4:      layout_loops_ring, chequers_serial_rivers_small_3, uniq_robin,
          uniq_duvessa, uniq_pikel
D:5:      lemuel_ratsnest, layout_cave_pods, chei_slow_surprise,
          minmay_temple_entry_tees
D:6:      layout_rooms, uniq_eustachio
D:7:      layout_basic, uniq_maggie
D:8:      cheibrodos_helix_gallery, layout_basic, grunt_decor_fettered
D:9:      layout_loops_ring, corexii_corridor_pit
D:10:     layout_cave_pods, uniq_joseph, uniq_grum
D:11:     cheibrodos_frozen_isle, layout_cave_pools, dpeg_lair_monsters,
          david_orc_2
D:12:     layout_basic, grunt_gozag_statues
D:13:     four-leaf_vault, layout_irregular_city, minivault_1,
          minmay_statue_bubble, uniq_snorg
D:14:     layout_irregular_city, skrybe_vaults_entry_preservation, serial_shops,
          nicolae_shop_statue_plus, minmay_misc_feat_enclosed,
          nicolae_shop_fire_sale [nicolae_sub_dead_trees],
          nicolae_shop_self_help

Skill      XL: |  1  2  3  4  5  6  7  8  9 10 11 12 13 |
---------------+----------------------------------------+-----
Axes           | 4 5 6 7 9 10 12 14 16 18 20 | 20.0
Fighting       | 4 5 6 7 9 10 12 13 14 | 14.7
Armour         | 3 4 5 6 7 9 10 12 13 14 | 14.5
Dodging        | |  2.1

Action                   |  1- 3 |  4- 6 |  7- 9 | 10-12 | 13-15 || total
-------------------------+-------+-------+-------+-------+-------++-------
Melee: Hand axe          |    51 |   121 |    67 |       |       ||   239
       Headbutt          |     6 |    26 |    48 |    84 |    27 ||   191
       War axe           |       |       |   144 |       |       ||   144
       Battleaxe         |       |       |    56 |   376 |    89 ||   521
Invok: Berserk           |     1 |     2 |     3 |    13 |     7 ||    26
Evoke: Wand              |       |       |       |     2 |       ||     2
  Use: Scroll            |       |     1 |     1 |    15 |     2 ||    19
       Potion            |       |       |       |     1 |     1 ||     2
Armor: Animal skin       |    12 |       |       |       |       ||    12
       Scale mail        |       |    39 |    22 |       |       ||    61
       Plate armour      |       |       |   119 |   266 |    80 ||   465
Dodge: Dodged            |    37 |    55 |    93 |   189 |    81 ||   455
Block: Buckler           |       |       |    27 |       |       ||    27
